 Dungeon Crawl Stone Soup version 0.23.2-1-ga50397a (webtiles) character file.

Game seed: 8510078097407219803

300 Kahibar the Chopper (level 6, 0/53 HPs)
             Began as a Hill Orc Fighter on May 13, 2019.
             Was an Initiate of Beogh.
             Slain by a worker ant (4 damage)
             ... on level 4 of the Dungeon.
             The game lasted 00:40:49 (3529 turns).

Kahibar the Chopper (Hill Orc Fighter)              Turns: 3529, Time: 00:40:49

Health: 0/53       AC:  9    Str: 21 (24) XL:     6   Next: 36%
Magic:  6/6        EV:  7    Int:  5 (8)  God:    Beogh [......]
Gold:   130        SH:  9    Dex:  9 (12) Spells: 5/5 levels left

rFire    + . .     SeeInvis .   a - +1 war axe
rCold    + . .     Gourm    .   c - +0 shield
rNeg     . . .     Faith    .   h - +0 scale mail
rPois    +         Spirit   .   (no helmet)
rElec    +         Reflect  .   (no cloak)
rCorr    +         Harm     .   (no gloves)
MR       .....                  x - +1 pair of boots
Stlth    ..........             (no amulet)
HPRegen  0.17/turn              (no ring)
MPRegen  0.10/turn              (no ring)

@: mighty, resistant
A: no striking features
a: Renounce Religion


You were on level 4 of the Dungeon.
You worshipped Beogh.
Beogh was noncommittal.
You were hungry.

You visited 1 branch of the dungeon, and saw 4 of its levels.

You collected 130 gold pieces.

Inventory:

Hand Weapons
 a - a +1 war axe (weapon)
 b - a +0 hunting sling
 u - a +1 short sword of venom
 y - a +0 flail of protection
Missiles
 j - 21 arrows
 n - 11 poisoned needles (quivered)
 q - 113 stones
 w - 16 sling bullets
Armour
 c - a +0 shield (worn)
 h - a +0 scale mail (worn)
 x - a +1 pair of boots (worn)
Jewellery
 k - an uncursed ring of protection from cold {unknown}
Scrolls
 e - a scroll of enchant weapon
 l - 2 scrolls of identify
 m - a scroll of noise {unknown}
 p - 4 scrolls of remove curse
 r - a scroll of magic mapping
 z - a scroll of enchant armour {unknown}
 A - a scroll of teleportation {unknown}
Comestibles
 f - 3 rations


   Skills:
 + Level 4.5 Fighting
 + Level 2.3 Short Blades
 + Level 4.9 Axes
 + Level 4.2 Armour
 + Level 0.7 Dodging
 + Level 0.5 Stealth
 + Level 4.4 Shields


You had 5 spell levels left.
You didn't know any spells.
Your spell library was empty.

Dungeon Overview and Level Annotations

Branches:
Dungeon (4/15)
 Temple: D:4-7

Altars:
Ashenzari
Ru
Xom
The Shining One


Message History

The orc hits you but does no damage. The hound barely misses you.
The adder hisses angrily.
The hound closely misses you. The orc hits you but does no damage.
You block the worker ant's attack.
You slice the orc!!
You kill the orc!
Beogh accepts your kill.
You hit the hound. You slash the worker ant! You block the hound's attack.
The worker ant bites you but does no damage.
You block the hound's attack. The worker ant bites you.
* * * LOW HITPOINT WARNING * * *
The hound bites you but does no damage.
Things that are here:
a +0 hand axe of electrocution; a +0 ring mail; an orc corpse You block the adder's attack. x2; The worker ant bites you.
* * * LOW HITPOINT WARNING * * *
You miss the adder. You slash the worker ant! You block the adder's attack.
The worker ant bites you.
You die...

#.## ##.....## #
#..## ##..>....##
##...####.<.......###
#.......'.........'..
##...####.........#..
#..## ##......$##.#
#.Zh# ##.....###.#
###a# ##...## #.# #@#
##+## #.# #S# #.# #.#
#.. ... .## #.# #.#
#.# #..


You could see a hound, a worker ant, an adder and an adder skeleton.

Vanquished Creatures
  A black bear (D:3)
  2 orc wizards (D:3)
  5 gnolls (D:3)
  4 adders
  3 oozes
  A worm (D:2)
  3 dart slugs
  2 leopard geckos
  5 orcs
  2 giant cockroaches
  9 goblins
  5 hobgoblins
  6 jackals
  3 kobolds
  4 quokkas
  A ball python (D:2)
  4 bats
  3 frilled lizards (D:1)
  A leopard gecko skeleton (D:3)
  6 rats
70 creatures vanquished.

Vanquished Creatures (others)
  An orc priest (D:3)
  An orc wizard (D:3)
  2 orcs (D:3)
4 creatures vanquished.

Grand Total: 74 creatures vanquished

Notes
Turn   | Place    | Note
-------+----------+-------------------------------------------
     0 | D:1      | Kahibar the Hill Orc Fighter began the quest for the Orb.
     0 | D:1      | Reached XP level 1. HP: 19/19 MP: 1/1
   185 | D:1      | Reached XP level 2. HP: 25/27 MP: 2/2
   664 | D:1      | Found a shattered altar of Ashenzari.
  1195 | D:2      | Reached XP level 3. HP: 33/33 MP: 3/3
  1795 | D:2      | Reached XP level 4. HP: 40/40 MP: 4/4
  2174 | D:3      | Noticed a black bear
  2181 | D:3      | Killed a black bear
  2181 | D:3      | Reached XP level 5. HP: 32/47 MP: 5/5
  2209 | D:3      | Found a shimmering altar of Xom.
  2378 | D:3      | Reached skill level 1 in Short Blades
  2677 | D:3      | Became a worshipper of Beogh the Brigand
  2714 | D:3      | Found a sacrificial altar of Ru.
  2748 | D:3      | Found a shimmering altar of Xom.
  2751 | D:3      | Found a shimmering altar of Xom.
  2751 | D:3      | Found a shimmering altar of Xom.
  2753 | D:3      | Found a shimmering altar of Xom.
  2791 | D:3      | Reached XP level 6. HP: 39/53 MP: 6/6
  3492 | D:4      | Found a glowing golden altar of the Shining One.
  3529 | D:4      | Slain by a worker ant

Skill      XL: |  1  2  3  4  5  6 |
---------------+-------------------+-----
Fighting       | 4 |  4.5
Axes           | 3 4 |  4.9
Armour         | 4 |  4.2
Shields        | 4 |  4.4
Short Blades   | 1 2 |  2.3
Dodging        | |  0.7
Stealth        | |  0.5

Action                   |  1- 3 |  4- 6 || total
-------------------------+-------+-------++-------
Melee: War axe           |    85 |     5 ||    90
       Short sword       |     5 |   131 ||   136
Invok: Convert to Beogh  |       |     1 ||     1
  Use: Scroll            |     1 |     5 ||     6
       Potion            |       |     6 ||     6
  Eat: Ration            |     1 |     1 ||     2
       Chunk             |       |     1 ||     1
Armor: Scale mail        |    49 |   107 ||   156
Dodge: Dodged            |    39 |    64 ||   103
Block: Shield            |    46 |   109 ||   155
